 Dungeon Crawl Stone Soup version 0.28.0-43-g3370ac3207 (webtiles) character file.

Game seed: 11997464934427191656

824 Ablot the Grasshopper (level 7, -6/56 HPs)
             Began as a Gnoll Warper on Mar 12, 2022.
             Mangled by an ogre
             ... wielding a +0 giant club
              (28 damage)
             ... on level 5 of the Dungeon.
             The game lasted 00:07:40 (5435 turns).

Ablot the Grasshopper (Gnoll Warper)                Turns: 5435, Time: 00:07:41

Health: -6/56      AC: 11    Str: 12    XL:     7   Next: 96%
Magic:  15/15      EV: 12    Int: 17    God:
Gold:   135        SH:  0    Dex: 11    Spells: 15/17 levels left

rFire   + . .      SeeInvis .   a - +1 spear (venom)
rCold   . . .      Faith    .   (no shield)
rNeg    . . .      Spirit   .   n - +0 ring mail "Xateasch" {Harm rPois Int+4}
rPois   +          Reflect  .   u - +0 helmet
rElec   .          Harm     +   (no cloak)
rCorr   .          Rampage  .   (no gloves)
Will    .....                   (no boots)
Stlth   +.........              (no amulet)
HPRegen 0.18/turn               D - ring of protection from fire
MPRegen 0.14/turn               y - +4 ring of protection

@: no status effects
A: fangs 1, strong nose, distributed training
a: no special abilities


You were on level 5 of the Dungeon.
You visited 1 branch of the dungeon, and saw 5 of its levels.
You also visited: Sewer.

You collected 135 gold pieces.

Inventory:

Hand Weapons
 a - a +1 spear of venom (weapon)
 t - a +0 hunting sling
Missiles
 d - 5 boomerangs of dispersal
 e - 8 javelins
 f - 11 sling bullets
 j - 21 bolts
 k - 145 stones
 l - 60 arrows
 r - 2 poisoned darts
 E - 3 boomerangs (quivered)
 G - a throwing net
Armour
 b - a +0 leather armour
 n - the +0 ring mail "Xateasch" (worn) {Harm rPois Int+4}
   (You found it on level 2 of the Dungeon)

   Int:       It affects your intelligence (+4).
   rPois:     It protects you from poison.
   Harm:      It increases damage dealt and taken.
 u - a +0 helmet (worn)
Jewellery
 y - a +4 ring of protection (right hand)
 D - a ring of protection from fire (left hand)
Scrolls
 c - a scroll of blinking
 h - a scroll of holy word {unknown}
 m - 4 scrolls of identify {unknown}
 o - a scroll of fog {unknown}
 p - a scroll of magic mapping {unknown}
 s - 2 scrolls of amnesia {unknown}
 v - a scroll of enchant weapon {unknown}
 w - 2 scrolls of immolation {unknown}
 x - 4 scrolls of noise {unknown}
 F - a scroll of fear {unknown}
Potions
 g - a potion of heal wounds {unknown}
 i - 2 potions of lignification {unknown}
 q - 3 potions of cancellation {unknown}
 z - a potion of haste {unknown}
 A - a potion of attraction {unknown}
 B - 3 potions of curing {unknown}
 C - a potion of flight {unknown}


   Skills:
 + Level 5.4 Fighting
 + Level 2.8 Short Blades
 + Level 2.8 Long Blades
 + Level 2.8 Axes
 + Level 2.8 Maces & Flails
 + Level 5.4 Polearms
 + Level 2.8 Staves
 + Level 2.8 Slings
 + Level 2.8 Bows
 + Level 2.8 Crossbows
 + Level 3.9 Throwing
 + Level 3.9 Armour
 + Level 5.4 Dodging
 + Level 2.8 Stealth
 + Level 2.8 Shields
 + Level 2.8 Unarmed Combat
 + Level 5.8 Spellcasting
 + Level 2.3 Conjurations
 + Level 2.3 Hexes
 + Level 2.3 Summonings
 + Level 2.3 Necromancy
 + Level 5.9 Translocations
 + Level 2.3 Transmutations
 + Level 2.3 Fire Magic
 + Level 2.3 Ice Magic
 + Level 2.3 Air Magic
 + Level 2.3 Earth Magic
 + Level 2.3 Poison Magic
 + Level 3.1 Invocations
 + Level 2.8 Evocations


You had 15 spell levels left.
You knew the following spells:

 Your Spells              Type           Power      Damage    Failure   Level
a - Blink                 Tloc           50%        N/A       3%          2

Your spell library contained the following spells:

 Spells                   Type           Power      Damage    Failure   Level
 Gell's Gravitas          Tloc           25%        N/A       7%          3
 Lesser Beckoning         Tloc           25%        N/A       7%          3
 Teleport Other           Tloc           25%        N/A       7%          3
 Manifold Assault         Tloc           25%        N/A       54%         5


Dungeon Overview and Level Annotations

Branches:
Dungeon (5/15)              Sewer (visited)
 Temple: D:4-7

Altars:
Fedhas
Kikubaaqudgha
Qazlal
Trog
Xom

Shops:
D:2 =   D:3 [


Innate Abilities, Weirdness & Mutations

You have very sharp teeth.
Your uncanny sense of smell can sniff out nearby items.
Your experience applies equally to all skills.


Message History

You reach to attack!
You hit the ogre.
The ogre looks as sick as possible!
The ogre is lightly wounded.
The water moccasin skeleton barely misses you.
Reach: a) +1 spear (venom)
Press: ? - help, Dir - move target, f - ogre, p - ogre
Aim: an ogre, wielding a +0 giant club (about 23% to evade your +1 spear of venom)
You reach to attack!
You hit the ogre but do no damage.
The ogre is poisoned.
The water moccasin skeleton bites you.
Unknown command.
Reach: a) +1 spear (venom)
Press: ? - help, Dir - move target, f - water moccasin skeleton
Aim: a water moccasin skeleton (moderately damaged, about 29% to evade your +1 spear of venom)
You puncture the water moccasin skeleton!
The water moccasin skeleton is severely damaged.
The water moccasin skeleton barely misses you.
Reach: a) +1 spear (venom)
Press: ? - help, Dir - move target, f - ogre, p - water moccasin skeleton
Aim: an ogre, wielding a +0 giant club (lightly wounded, very poisoned, about 23% to evade your +1 spear of venom)
You reach to attack!
You hit the ogre.
The ogre looks as sick as possible!
The ogre is moderately wounded.
The water moccasin skeleton bites you.
Reach: a) +1 spear (venom)
Press: ? - help, Dir - move target, f - ogre
Aim: an ogre, wielding a +0 giant spiked club (severely wounded, extremely poisoned, about 23% to evade your +1 spear of venom)
The water moccasin skeleton is in the way.
You completely miss the water moccasin skeleton.
The water moccasin skeleton is severely damaged.
The water moccasin skeleton barely misses you.
Reach: a) +1 spear (venom)
Press: ? - help, Dir - move target, f/p - ogre
Aim: an ogre, wielding a +0 giant spiked club (severely wounded, extremely poisoned, about 23% to evade your +1 spear of venom)
You reach to attack!
You hit the ogre but do no damage.
The ogre looks as sick as possible!
The ogre is severely wounded.
You kill the ogre!
You hit the ogre.
The ogre is heavily wounded.
The ogre hits you with a +0 giant club!!
Ouch! That really hurt!
You die...

..
.....................>
###.....########.....
...#_. #.....# #...##
..A#.^ #.....# #...#.
####..# #.....# #...#.
....... #.....# #...#.
....... #.....# #...#.
.......## ##.####
#...#. ........#####@#
## ....##
#...........O#####....
..####
#........#..Z........#
#!.....######.$...####
#>..... #.....#..#
#...... ∆ #.###.#..#
##.#### '.. .+... #. ∆
#### # .. # ∆.


You could see an ogre (extremely poisoned) and a water moccasin skeleton.

Vanquished Creatures
  A sky beast (D:5)
  An ogre (D:5)
  A phantom (D:5)
  2 scorpions
  An orc priest (D:4)
  A hell rat (Sewer)
  3 orc wizards
  Robin (D:2)
  7 adders
  8 gnolls (D:4)
  3 river rats (Sewer)
  An ufetubus (D:4)
  6 worms
  2 dart slugs
  12 orcs
  2 bat zombies (D:4)
  3 endoplasms
  6 giant cockroaches
  16 goblins
  7 hobgoblins
  2 jackals (D:2)
  3 quokkas
  7 ball pythons
  9 bats
  3 frilled lizards
  4 kobolds
  11 rats
  A rat zombie (D:4)
124 creatures vanquished.

Vanquished Creatures (others)
  2 fungi (D:4)
  A plant (D:4)
3 creatures vanquished.

Grand Total: 127 creatures vanquished

Notes
Turn   | Place    | Note
-------+----------+-------------------------------------------
     0 | D:1      | Ablot the Gnoll Warper began the quest for the Orb.
     0 | D:1      | Reached XP level 1. HP: 20/20 MP: 6/6
   123 | D:1      | Reached XP level 2. HP: 25/26 MP: 7/7
   126 | D:1      | Learned a level 2 spell: Blink
   837 | D:2      | Identified the +0 ring mail "Xateasch" {Harm rPois Int+4}
   860 | D:2      | Reached skill level 5 in Spellcasting
   860 | D:2      | Reached XP level 3. HP: 31/31 MP: 7/9
  1018 | D:2      | Found a faded altar of an unknown god.
  1141 | D:2      | Reached skill level 1 in Invocations
  1525 | D:2      | Noticed Robin
  1549 | D:2      | Killed Robin
  1550 | D:2      | Reached skill level 1 in Short Blades
  1550 | D:2      | Reached skill level 1 in Long Blades
  1550 | D:2      | Reached skill level 1 in Axes
  1550 | D:2      | Reached skill level 1 in Maces & Flails
  1550 | D:2      | Reached skill level 1 in Staves
  1550 | D:2      | Reached skill level 1 in Slings
  1550 | D:2      | Reached skill level 1 in Bows
  1550 | D:2      | Reached skill level 1 in Crossbows
  1550 | D:2      | Reached skill level 1 in Stealth
  1550 | D:2      | Reached skill level 1 in Shields
  1550 | D:2      | Reached skill level 1 in Unarmed Combat
  1550 | D:2      | Reached skill level 1 in Evocations
  1550 | D:2      | Reached XP level 4. HP: 22/38 MP: 11/11
  1731 | D:2      | Found a bloodstained altar of Trog.
  2047 | D:2      | Found Asebburer's Jewellery Emporium.
  2196 | D:2      | Reached skill level 1 in Conjurations
  2196 | D:2      | Reached skill level 1 in Hexes
  2196 | D:2      | Reached skill level 1 in Summonings
  2196 | D:2      | Reached skill level 1 in Necromancy
  2196 | D:2      | Reached skill level 1 in Transmutations
  2196 | D:2      | Reached skill level 1 in Fire Magic
  2196 | D:2      | Reached skill level 1 in Ice Magic
  2196 | D:2      | Reached skill level 1 in Air Magic
  2196 | D:2      | Reached skill level 1 in Earth Magic
  2196 | D:2      | Reached skill level 1 in Poison Magic
  2469 | D:3      | Found Lan Guf's Armour Emporium.
  2614 | D:3      | Found a glowing drain.
  2625 | D:3      | Reached XP level 5. HP: 41/43 MP: 12/12
  2630 | Sewer    | Entered a sewer
  3541 | D:3      | Reached XP level 6. HP: 47/50 MP: 13/13
  3812 | D:4      | Found a stormy altar of Qazlal.
  3823 | D:4      | Reached skill level 5 in Fighting
  3823 | D:4      | Reached skill level 5 in Polearms
  3823 | D:4      | Reached skill level 5 in Dodging
  3855 | D:4      | Found a blossoming altar of Fedhas.
  4667 | D:4      | Reached XP level 7. HP: 56/56 MP: 15/15
  5206 | D:4      | Found an ancient bone altar of Kikubaaqudgha.
  5257 | D:5      | Entered Level 5 of the Dungeon
  5407 | D:5      | Found a shimmering altar of Xom.
  5409 | D:5      | Noticed an angel
  5435 | D:5      | Mangled by an ogre

Illustrated notes

Levels and vault maps discovered:
D:1:      saegor_arrival_simple_d, layout_loops_ring,
          ebering_dispersal_statue_hall, hangedman_decor_growths
D:2:      minmay_general_purpose_star, layout_loops_ring, basic_altar,
          hellmonk_ecumenical_altar_inner_sanctum, serial_shops, shop,
          minmay_crystal_room, corexii_hall_statues_deadend, grunt_ministairs_8,
          uniq_robin
D:3:      layout_basic, serial_shops, shop, gup_sewer_entry_bubbles
D:4:      layout_layer_cave, lemuel_zombie_altar_kikubaaqudgha,
          grunt_temple_overflow_forces_of_nature
D:5:      layout_basic, grunt_temple_overflow_order_and_chaos_1,
          hangedman_ru_absence, chequers_serial_rivers_micro_e, chequers_avenue,
          kennysheep_generic_room_13, uniq_crazy_yiuf_cottage

Skill      XL: |  1  2  3  4  5  6  7 |
---------------+----------------------+-----
Spellcasting   | 5 |  5.8
Invocations    | 1 2 3 |  3.1
Short Blades   | 1 2 |  2.8
Long Blades    | 1 2 |  2.8
Axes           | 1 2 |  2.8
Maces & Flails | 1 2 |  2.8
Staves         | 1 2 |  2.8
Slings         | 1 2 |  2.8
Bows           | 1 2 |  2.8
Crossbows      | 1 2 |  2.8
Stealth        | 1 2 |  2.8
Shields        | 1 2 |  2.8
Unarmed Combat | 1 2 |  2.8
Evocations     | 1 2 |  2.8
Conjurations   | 1 2 |  2.3
Hexes          | 1 2 |  2.3
Summonings     | 1 2 |  2.3
Necromancy     | 1 2 |  2.3
Transmutations | 1 2 |  2.3
Fire Magic     | 1 2 |  2.3
Ice Magic      | 1 2 |  2.3
Air Magic      | 1 2 |  2.3
Earth Magic    | 1 2 |  2.3
Poison Magic   | 1 2 |  2.3
Throwing       | 3 |  3.9
Armour         | 3 |  3.9
Fighting       | 5 |  5.4
Polearms       | 5 |  5.4
Dodging        | 5 |  5.4
Translocations | |  5.9

Action                   |  1- 3 |  4- 6 |  7- 9 || total
-------------------------+-------+-------+-------++-------
Melee: Spear             |   142 |   316 |    73 ||   531
       Bite              |    10 |    20 |     7 ||    37
       Punch             |       |     3 |       ||     3
 Cast: Blink             |       |       |     1 ||     1
 Stab: Sleeping          |     1 |       |       ||     1
Armor: Leather armour    |     6 |       |       ||     6
       Ring mail         |    45 |    84 |    20 ||   149
Dodge: Dodged            |    80 |   131 |    23 ||   234
